 Dungeon Crawl Stone Soup version 0.30-a0-778-g2ef04afb54 (webtiles) character file.

Game seed: 1063425622733330335

384 Leeroy the Slasher (level 6, -3/30 HPs)
             Began as a Vine Stalker Warper on Feb 16, 2023.
             Slain by Pikel
             ... wielding a +2 whip of flaming
              (5 damage)
             ... on level 4 of the Dungeon.
             The game lasted 00:06:20 (4385 turns).

Leeroy the Slasher (Vine Stalker Warper)            Turns: 4385, Time: 00:06:21

Health: -3/30      AC:  4    Str: 13    XL:     6   Next: 77%
Magic:  0/11       EV: 12    Int: 13    God:
Gold:   274        SH:  0    Dex: 16    Spells: 9/11 levels left

rFire   . . .      SeeInvis .    g - +0 dagger (venom)
rCold   . . .      Faith    .    (no shield)
rNeg    . . .      Spirit   +    b - +0 leather armour
rPois   .          Reflect  .    (no helmet)
rElec   .          Harm     .    (no cloak)
rCorr   +          Rampage  .    (no gloves)
Will    .....                    o - +0 pair of boots
Stlth   +                        v - amulet of magic regeneration
HPRegen 1.05/turn                w - ring of resist corrosion
MPRegen 0.52/turn                (no ring)

@: very slightly contaminated
A: fangs 2, regeneration 1, magic shield, antimagic bite, no potion heal 2
a: no special abilities


You were on level 4 of the Dungeon.
You visited 2 branches of the dungeon, and saw 6 of its levels.

You collected 274 gold pieces.

Inventory:

Hand Weapons
 a - a +0 falchion
 c - a +0 dagger
 g - a +0 dagger of venom (weapon)
 p - a +0 club
 t - a +0 triple sword
 y - a +4 short sword
Missiles
 d - 6 boomerangs of dispersal (quivered)
 l - 4 boomerangs
 x - 8 poisoned darts
Armour
 b - a +0 leather armour (worn)
 o - a +0 pair of boots (worn)
Jewellery
 v - an amulet of magic regeneration (around neck)
 w - a ring of resist corrosion (left hand)
 A - a +5 ring of evasion
Wands
 z - a wand of quicksilver (1)
Scrolls
 e - 2 scrolls of fog {unknown}
 j - 2 scrolls of teleportation {unknown}
 k - 3 scrolls of identify {unknown}
 r - a scroll of butterflies {unknown}
 u - 2 scrolls of poison
Potions
 f - a potion of degeneration {unknown}
 h - 2 potions of lignification {unknown}
 i - 3 potions of curing {unknown}
 m - 2 potions of magic {unknown}
 n - 3 potions of attraction {unknown}
 q - a potion of brilliance {unknown}
 s - a potion of heal wounds {unknown}


   Skills:
 - Level 1.7 Fighting
 + Level 5.9 Long Blades
 - Level 0.8 Throwing
 - Level 0.7 Armour
 - Level 2.0 Dodging
 - Level 3.0 Spellcasting
 - Level 3.0 Translocations


You had 9 spell levels left.
You knew the following spells:

 Your Spells              Type           Power      Damage    Failure   Level
a - Blink                 Tloc           18%        N/A       13%         2

Your spell library contained the following spells:

 Spells                   Type           Power      Damage    Failure   Level
 Lesser Beckoning         Tloc           18%        N/A       13%         2
 Gell's Gravitas          Tloc           9%         N/A       26%         3
 Teleport Other           Tloc           9%         N/A       26%         3
 Vhi's Electric Charge    Tloc/Air       10%        N/A       43%         3
 Manifold Assault         Tloc           9%         N/A       63%         4
 Iskenderun's Battlesphe  Conj           1%         2d6       100%        5
 Iron Shot                Conj/Erth      0%         9d1       100%        6
 Spellforged Servitor     Conj/Summ      0%         N/A       100%        7


Dungeon Overview and Level Annotations

Branches:
Dungeon (5/15)             Temple (1/1) D:5

Altars:
Ashenzari
Cheibriados
Dithmenos
Elyvilon
Gozag
Hepliaklqana
Makhleb
Nemelex Xobeh
Okawaru
Qazlal
Ru
Sif Muna
Trog
Vehumet
Yredelemnul

Shops:
D:2 (

Annotations:
D:4 Natasha, Pikel
D:5 1 runed translucent door, Crazy Yiuf


Innate Abilities, Weirdness & Mutations

You have extremely sharp teeth.
Your natural rate of healing is unusually fast.
When hurt, damage is shared between your health and your magic reserves.
Your bite disrupts and absorbs the magic of your enemies.
Potions cannot restore your health.


Message History

Natasha, Servant of Life and Death comes into view.
She is carrying a wand of quicksilver (1).
Pikel says, "Asmodeus and me are pals.
He gave me this whip."
Pikel hits you with a +2 whip of flaming!
Pikel burns you.
Natasha moves out of view.
You closely miss Pikel. Your bite misses Pikel.
Pikel is moderately wounded.
Pikel closely misses you.
Okay, then.
Casting: Blink (safe; 13% risk of failure)
Confirm with . or Enter, or press ? or * to list all spells.
Okay, then.
Pikel closely misses you.
Pikel hits you with a +2 whip of flaming!
Pikel burns you. Pikel attacks as you move away!
Pikel hits you with a +2 whip of flaming!
* * * LOW HITPOINT WARNING * * *
Pikel burns you.
* * * LOW HITPOINT WARNING * * *
You feel stable enough to blink again.
Natasha hisses angrily.
Okay, then.
Casting: Blink (safe; 13% risk of failure)
Confirm with . or Enter, or press ? or * to list all spells.
You miscast Blink.
You are very lightly contaminated with residual magic.
Nothing appears to happen.
Pikel hits you with a +2 whip of flaming.
* * * LOW HITPOINT WARNING * * *
Pikel burns you.
Okay, then.
Okay, then.
Okay, then.
Throw: 7 boomerangs (disperse)
Press: ? - help, Q - select action, (/) - cycle Shift-Dir - straight line, f - Pikel
Aim: Pikel, wielding a +2 whip of flaming and wearing a +0 robe (moderately wounded, poisoned, 51% to hit)
You throw a boomerang of dispersal.
The boomerang of dispersal closely misses Pikel.
Pikel hits you with a +2 whip of flaming.
You die...

...)....'..#....#..#.......#....#
........#..#....'..#.......#...##
######+##..#....####.......##..8.
........#..##'#.........>....#...
........#.....#....h.........#.รท.
........#.....#..............#.8.
........#.....#..............#.##
........#######..............#..#
######'##...<...@K..#'#####......
#...#........>..#.....#......
#...#...........#.....#......
#...#...........#.....#......
#######'#...........###...#......
...........############...#....[.
...........#..............#....##
...........#..............#....#.
...........#..............#....#.


You could see Pikel (poisoned) and Natasha.

Vanquished Creatures
  A scorpion (D:5)
  3 hounds
  2 iguanas
  Natasha (D:4)
  6 adders
  A white imp (D:5)
  An ufetubus (D:5)
  A worm (D:4)
  7 orcs
  9 endoplasms
  12 goblins
  5 hobgoblins
  4 jackals (D:5)
  4 quokkas
  2 ball pythons
  5 bats
  5 frilled lizards
  9 kobolds
  7 rats
85 creatures vanquished.

Notes
Turn   | Place    | Note
-------+----------+-------------------------------------------
     0 | D:1      | Leeroy the Vine Stalker Warper began the quest for the Orb.
     0 | D:1      | Reached XP level 1. HP: 11/11 MP: 4/4
    44 | D:1      | Reached skill level 2 in Long Blades
   146 | D:1      | Reached XP level 2. HP: 15/15 MP: 4/6
   225 | D:1      | Found a faded altar of an unknown god.
   641 | D:1      | Learned a level 2 spell: Blink
   765 | D:2      | Reached skill level 3 in Long Blades
   833 | D:2      | Reached XP level 3. HP: 14/18 MP: 7/7
  1091 | D:2      | Found an opulent altar of Gozag.
  1101 | D:2      | Found Beenwoifal's Antique Weapon Shop.
  1577 | D:3      | Found a stormy altar of Qazlal.
  1927 | D:3      | Gained mutation: Your natural rate of healing is unusually
                  | fast. [Vine Stalker growth]
  1927 | D:3      | Reached XP level 4. HP: 17/23 MP: 5/8
  1995 | D:3      | Found a broken altar of Ashenzari.
  2199 | D:3      | Noticed an ice beast
  2346 | D:3      | You fall into a shaft and drop 2 floors!
  2346 | D:5      | Entered Level 5 of the Dungeon
  2573 | D:4      | Reached skill level 4 in Long Blades
  2588 | D:4      | Found a white marble altar of Elyvilon.
  2592 | D:4      | Found a hazy altar of Hepliaklqana.
  2656 | D:4      | Reached XP level 5. HP: 26/26 MP: 8/10
  2953 | D:4      | Found a sacrificial altar of Ru.
  3417 | D:4      | Noticed Natasha
  3440 | D:4      | Killed Natasha
  3705 | D:4      | Reached XP level 6. HP: 26/30 MP: 11/11
  3835 | D:5      | Found a radiant altar of Vehumet.
  3847 | D:5      | Reached skill level 5 in Long Blades
  3880 | D:5      | Found a staircase to the Ecumenical Temple.
  3932 | Temple   | Entered the Ecumenical Temple
  4112 | D:5      | Found an iron altar of Okawaru.
  4229 | D:5      | Found a sparkling altar of Nemelex Xobeh.
  4264 | D:5      | Found a runed translucent door.
  4265 | D:5      | Noticed Crazy Yiuf
  4342 | D:5      | Noticed Pikel
  4377 | D:4      | Noticed Natasha
  4384 | D:4      | HP: 1/30 [Pikel/+2 whip of flaming (5)]
  4385 | D:4      | Slain by Pikel

Illustrated notes

Levels and vault maps discovered:
D:1:      dpeg_arrival_windows_large_door, layout_loops_cross,
          chequers_ecumenical_altar_simple_redux, amcnicky_mini_corridor_feature
D:2:      layout_loops_ring, serial_shops, shop, basic_altar
D:3:      layout_basic, mainiacjoe_overflow_small_starburst,
          nicolae_ashenzari_skybound, minmay_pentomino_pile
D:4:      layout_gridville, jmf_multi_god_temple, general_overflow_altar,
          uniq_natasha
D:5:      layout_cave_pools, nicolae_vehumet_altar_sigil, okawaru_gym_becter,
          nemelex_diamond_rough_becter, minmay_temple_entry_statues_pillars,
          grunt_decor_cap, minivault_5, st_stairs_7, uniq_pikel,
          uniq_crazy_yiuf_cottage
Temple:   hellmonk_temple_two_chambers

Skill      XL: |  1  2  3  4  5  6 |
---------------+-------------------+-----
Long Blades    | 2 3 4 5 |  5.9
Dodging        | 2 |  2.0
Spellcasting   | 3 |  3.0
Fighting       | |  1.7
Throwing       | |  0.8
Armour         | |  0.7
Translocations | |  3.0

Action                     |  1- 3 |  4- 6 || total
---------------------------+-------+-------++-------
  Melee: Falchion          |    24 |       ||    24
         Bite              |    30 |    41 ||    71
         Punch             |     1 |     3 ||     4
         Dagger            |   118 |   167 ||   285
  Throw: Boomerang         |       |     1 ||     1
   Cast: Blink             |       |     1 ||     1
    Use: Scroll            |       |     2 ||     2
   Stab: Sleeping          |       |     2 ||     2
 Armour: Leather armour    |    36 |    30 ||    66
  Dodge: Dodged            |    92 |    84 ||   176

Table legend: (Time is in decaauts)
 A = Elapsed time spent in this place.
 B = Non-inter-level travel time spent in this place.
 C = Inter-level travel time spent in this place.
 D = Time resting spent in this place.
 E = Time spent auto-exploring this place.
 F = Levels seen in this place.
 G = Mean time per level.
                   A        B        C        D        E       F      G
               +--------+--------+--------+--------+--------+-----+--------+
         Total |   4355 |   4126 |    229 |    529 |   2636 |   6 |  725.8 |
       Dungeon |   4337 |   4112 |    225 |    529 |   2625 |   5 |  867.4 |
        Temple |     17 |     13 |      4 |      0 |     11 |   1 |   17.0 |
               +--------+--------+--------+--------+--------+-----+--------+

Top non-repeatable levels by time:
     D:4: 1028 daAuts
     D:3: 962 daAuts
     D:2: 884 daAuts
     D:5: 745 daAuts
     D:1: 715 daAuts
  Temple: 17 daAuts
